 Dungeon Crawl Stone Soup version 0.32-a0-128-g77eb882913 (webtiles) character file.

Game seed: 5564537456396950536

694 zeratav the Changeling (level 7, 0/50 HPs)
             Began as an Octopode Shapeshifter on Feb 8, 2024.
             Was an Initiate of Hepliaklqana.
             Slain by a killer bee (3 damage)
             ... on level 6 of the Dungeon.
             The game lasted 00:06:26 (3777 turns).

zeratav the Changeling (Octopode Shapeshifter)      Turns: 3777, Time: 00:06:27

Health: 0/50       AC:  1    Str: 15    XL:     7   Next: 64%
Magic:  2/2        EV: 13    Int: 13    God:    Hepliaklqana [......]
Gold:   295        SH:  0    Dex: 15    Spells: 6/6 levels left

rFire   x . .        u - +5 dagger of the Twisting Puffin {antimagic, rF- rC+ rN++ Dex+4, short}
rCold   + + .        (no shield)
rNeg    + + .        (helmet currently unavailable)
rPois   .            q - amulet of regeneration
rElec   .            l - ring of protection from cold
rCorr   .            n - ring of wizardry
SInv    .            (no ring)
Will    +....        (no ring)
Stlth   ++           (no ring)
HPRegen 1.08/turn    (no ring)
MPRegen 0.08/turn    (no ring)
                     (no ring)

%: wizardry (x1)
@: lethally poisoned (0 -> -5), beast-form, enlightened, flying
A: beast (slay +3), almost no armour, amphibious, 8 rings, camouflage 1,
gelatinous body 1, (nimble swimmer 1), tentacles
a: Begin Untransformation, Renounce Religion


You were on level 6 of the Dungeon.
You worshipped Hepliaklqana.
Hepliaklqana was noncommittal.
You were a hulking beast.
You visited 2 branches of the dungeon, and saw 7 of its levels.

You collected 295 gold pieces.


Innate Abilities, Weirdness & Mutations

You are a hulking beast.
Your limbs bulge with bestial killing power. (Slay +3)
You cannot wear most types of armour.
You are amphibious.
You can wear up to eight rings at the same time.
Your skin changes colour to match your surroundings (Stealth+).
Your rubbery body absorbs attacks. (AC +1, EV +1)
((You are camouflaged when in or above water. (Stealth+)))
You have tentacles for arms and can constrict up to eight enemies at once.


   Skills:
 - Level 5.0 Fighting
 - Level 2.0 Dodging
 - Level 3.0 Unarmed Combat
 + Level 6.6 Shapeshifting


You had 6 spell levels left.
You didn't know any spells.
Your spell library contained the following spells:

 Spells                   Type           Power      Damage    Failure   Level
 Shock                    Conj/Air       0%         1d3       12%         1
 Lesser Beckoning         Tloc           0%         N/A       19%         2
 Gell's Gravitas          Tloc           0%         N/A       34%         3
 Swiftness                Air            0%         N/A       34%         3
 Teleport Other           Tloc           0%         N/A       34%         3
 Airstrike                Air            0%         2d(0-16)  73%         4

Inventory:

Hand Weapons
 u - the +5 dagger of the Twisting Puffin (weapon) {antimagic, rF- rC+ rN++ Dex+4, short}
   (You found it on level 5 of the Dungeon)

   Dex+4:     It affects your dexterity (+4).
   rF-:       It makes you vulnerable to fire.
   rC+:       It protects you from cold.
   rN++:      It greatly protects you from negative energy.
Armour
 j - a +1 hat
   (You found it on level 1 of the Dungeon)
Jewellery
 l - a ring of protection from cold (left tentacle)
   (You found it on level 2 of the Dungeon)
 n - a ring of wizardry (right tentacle)
   (You found it on level 2 of the Dungeon)
 q - an amulet of regeneration (around mantle)
   (You found it on level 3 of the Dungeon)
Talismans
 b - a beast talisman (active)
 c - a flux talisman
 s - a serpent talisman
   (You found it on level 4 of the Dungeon)
Scrolls
 d - 2 scrolls of blinking {unknown}
 e - a scroll of enchant weapon {unknown}
 f - 3 scrolls of teleportation {unknown}
 g - 2 scrolls of revelation {unknown}
 i - 6 scrolls of identify {unknown}
 t - a scroll of vulnerability {unknown}
Potions
 a - 2 potions of lignification {!q}
 h - 3 potions of enlightenment
 k - 3 potions of curing {unknown}
 m - 3 potions of degeneration {unknown}
 o - a potion of cancellation {unknown}
 p - 2 potions of might {unknown}
 r - a potion of heal wounds {unknown}

Dungeon Overview and Level Annotations

Branches:
Dungeon (6/15) Zot: 26740  Temple (1/1) D:4 Zot: 5959

Altars:
Cheibriados
Dithmenos
Elyvilon
Fedhas
Gozag
Hepliaklqana
Kikubaaqudgha
Makhleb
Nemelex Xobeh
Okawaru
Qazlal
Ru
Trog
Vehumet
Wu Jian
Xom
Yredelemnul
Zin
The Shining One

Annotations:
D:4 exclusion: downstairs
D:5 Grinder

.............. ....
####+######..##..# ##
####.#....#.#....##...
......................
......................
..##'####.####.######
#+##..###.####.######
#...'.......†...<#
#...#.......yh...#
#...#............#
#...#....†......##
.....#...........#
.###+###.###..##### .
#.###..# ...#...#
#...# ##..#


You could see a killer bee.


Message History

HP[-5]
You take 5 damage, and now have 19/50 hp.
You feel very sick.
HP[-3]
You take 3 damage, and now have 16/50 hp.
You feel very sick.
HP[-1]
You take 1 damage, and now have 15/50 hp.
You feel very sick.
HP[-2]
You take 2 damage, and now have 13/50 hp.
You feel sick.
HP[-1]
You take 1 damage, and now have 12/50 hp.
You feel sick.
HP[-1]
You take 1 damage, and now have 11/50 hp.
You feel sick.
There is a stone staircase leading up here.
You start resting.
You feel sick. x5
You are no longer poisoned.
You start resting.
A killer bee is nearby!
HP[+14]
You regained 14 hp, and now have 25/50 hp.
You climb upwards.
Level annotation: Grinder
There is a stone staircase leading down here.
HP[+3]
You regained 3 hp, and now have 28/50 hp.
You start resting.
HP[+22]
Your hp is fully restored (50).
You climb downwards.
There is a stone staircase leading up here.
No target in view!
The killer bee buzzes angrily.
The killer bee barely misses you.
You closely miss the killer bee. Your grab misses the killer bee.
The killer bee barely misses you. x2; The killer bee stings you.
HP[-3]
You take 3 damage, and now have 47/50 hp.
You miss the killer bee. Your grab misses the killer bee.
The killer bee barely misses you. The killer bee stings you.
The killer bee stings you! The killer bee misses you.
HP[-10]
You take 10 damage, and now have 37/50 hp.
You puncture the killer bee! Your grab misses the killer bee.
The killer bee stings you!
You are poisoned.
The killer bee poisons you!
The killer bee stings you but does no damage.
The killer bee barely misses you. The killer bee misses you.
HP[-6]
You take 6 damage, and now have 31/50 hp.
You barely miss the killer bee. Your grab misses the killer bee.
You feel very sick. The killer bee barely misses you.
The killer bee stings you!
* * * LOW HITPOINT WARNING * * *
The killer bee stings you.
* * * LOW HITPOINT WARNING * * *
The killer bee barely misses you.
You are too injured to fight recklessly!
You are too injured to fight recklessly!
You are too injured to fight recklessly!
HP[-16]
You take 16 damage, and now have 15/50 hp.
MASSIVE DAMAGE!! (PAUSE)
You are too injured to fight recklessly!
You are too injured to fight recklessly!
You are too injured to fight recklessly!
You are too injured to fight recklessly!
You are too injured to fight recklessly!
You are too injured to fight recklessly!
You are too injured to fight recklessly!
You are too injured to fight recklessly!
You are too injured to fight recklessly!
You are too injured to fight recklessly!
You are too injured to fight recklessly!
You are too injured to fight recklessly!
You are too injured to fight recklessly!
You are too injured to fight recklessly!
You are too injured to fight recklessly!
You are too injured to fight recklessly!
You puncture the killer bee!
You kill the killer bee!
You feel sick. The killer bee stings you!
* * * LOW HITPOINT WARNING * * *
You are lethally poisoned!
The killer bee poisons you! The killer bee closely misses you.
HP[-9]
You take 9 damage, and now have 6/50 hp.
It was a potion of enlightenment.
You feel very buoyant.
You fly up into the air.
* * * LOW HITPOINT WARNING * * *
You feel very sick. The killer bee stings you.
You die...
Hepliaklqana delivers you to your ancestors.

Skill      XL: |  1  2  3  4  5  6  7 |
---------------+----------------------+-----
Fighting       | 2 4 5 |  5.0
Shapeshifting  | 5 6 |  6.6
Dodging        | |  2.0
Unarmed Combat | |  3.0

Action                     |  1- 3 |  4- 6 |  7- 9 || total
---------------------------+-------+-------+-------++-------
  Melee: Unarmed           |    62 |    66 |       ||   128
         Constrict         |    19 |    29 |     4 ||    52
         Tentacles         |    18 |    25 |     4 ||    47
         Punch             |     1 |     3 |     1 ||     5
         Dagger            |       |    31 |    20 ||    51
    Use: Potion            |       |       |     1 ||     1
   Stab: Sleeping          |     5 |     6 |     1 ||    12
 Armour: Skin              |    12 |    43 |    24 ||    79
  Dodge: Dodged            |    33 |    61 |    24 ||   118
   Form: Beast             |     1 |       |       ||     1

Levels and vault maps discovered:
D:1:      roderic_chinese_lattice_arrival, layout_loops_ring,
          hellmonk_ecumenical_altar_zigzags
D:2:      layout_basic, roderic_roman_lattice, minmay_misc_feat_plants
D:3:      layout_loops_cross, vehumet_statue, grunt_gozag_statues
D:4:      layout_rooms, mainiacjoe_overflow_small_starburst,
          minmay_temple_entry_glass
D:5:      layout_loops_ring, mainiacjoe_overflow_surrounded_room,
          minmay_tree_intersection, uniq_grinder
D:6:      layout_gridville, old_standard_altar, pf_guarded_unrand_woodcutter,
          uniq_sigmund
Temple:   nicolae_temple_superstar

Notes
Turn   | Place    | Note
-------+----------+-------------------------------------------
     0 | D:1      | zeratav the Octopode Shapeshifter began the quest for the
                  | Orb.
     0 | D:1      | Reached XP level 1. HP: 13/13 MP: 1/1
     0 | D:1      | magus.rc [v1.9.6]
   221 | D:1      | Found a faded altar of an unknown god.
   244 | D:1      | Reached skill level 2 in Fighting
   244 | D:1      | Reached XP level 2. HP: 14/19 MP: 2/2
   557 | D:1      | You pick up a book of Displacement and begin reading...
   557 | D:1      | You add the spells Lesser Beckoning, Gell's Gravitas and
                  | Teleport Other to your library.
  1018 | D:2      | Reached XP level 3. HP: 25/25 MP: 3/3
  1132 | D:2      | Reached skill level 3 in Fighting
  1578 | D:3      | Found a radiant altar of Vehumet.
  1623 | D:3      | Noticed a frost-covered statue
  1637 | D:3      | Killed a frost-covered statue
  1638 | D:3      | Reached skill level 4 in Fighting
  1638 | D:3      | Reached XP level 4. HP: 33/33 MP: 4/4
  1711 | D:3      | Found an opulent altar of Gozag.
  1729 | D:3      | Reached XP level 5. HP: 38/38 MP: 5/5
  2062 | D:4      | Found a staircase to the Ecumenical Temple.
  2076 | D:3      | Reached skill level 5 in Fighting
  2224 | Temple   | Entered the Ecumenical Temple
  2281 | D:4      | You pick up a book of Air and begin reading...
  2281 | D:4      | You add the spells Shock, Swiftness and Airstrike to your
                  | library.
  2435 | D:4      | Reached XP level 6. HP: 45/45 MP: 6/6
  2438 | D:4      | Reached skill level 4 in Shapeshifting
  2462 | D:4      | Found a basalt altar of Yredelemnul.
  2667 | D:5      | Entered Level 5 of the Dungeon
  2874 | D:5      | Identified the +5 dagger of the Twisting Puffin {antimagic,
                  | rF- rC+ rN++ Dex+4}
  2918 | D:5      | Found a hazy altar of Hepliaklqana.
  2926 | D:5      | Became a worshipper of Hepliaklqana the Forgotten
  2972 | D:5      | HP: 6/45 [iguana (9)]
  3160 | D:5      | Reached skill level 5 in Shapeshifting
  3186 | D:5      | Noticed Grinder
  3351 | D:5      | Reached XP level 7. HP: 45/50 MP: 2/7
  3532 | D:6      | Found a stormy altar of Qazlal.
  3626 | D:6      | Reached skill level 6 in Shapeshifting
  3724 | D:6      | HP: 12/50 [poisoned by a killer bee]
  3729 | D:6      | HP: 11/50 [poisoned by a killer bee]
  3776 | D:6      | HP: 6/50 [killer bee (8)]
  3777 | D:6      | Slain by a killer bee

Vanquished Creatures
  3 scorpions
  3 killer bees (D:6)
  2 bombardier beetles
  2 orc priests (D:5)
  A hound (D:4)
  An iguana (D:5)
  An orc wizard (D:5)
  A sleepcap (D:3)
  A statue (D:3)
  4 adders
  2 ufetubi (D:6)
  2 dart slugs
  15 orcs
  5 ball pythons
  3 bats
  3 endoplasms
  2 giant cockroaches
  7 hobgoblins
  4 jackals (D:2)
  3 kobolds
  3 frilled lizards
  12 goblins
  3 rats (D:3)
83 creatures vanquished.

Table legend:
 A = Non-vault XP
 B = Vault XP
 C = Vault XP percentage of total XP
 D = Non-vault monster count
 E = Vault monster count
 F = Vault count percentage of total count
                 A         B        C        D         E       F
            +---------+---------+-------+---------+---------+-------
      Total |     960 |      32 |   3.2 |      82 |       1 |   1.2
            +---------+---------+-------+---------+---------+-------
        D:1 |      12 |       0 |   0.0 |       7 |       0 |   0.0
        D:2 |      42 |       0 |   0.0 |      16 |       0 |   0.0
        D:3 |     123 |      32 |  20.6 |      20 |       1 |   4.8
        D:4 |     119 |       0 |   0.0 |      11 |       0 |   0.0
        D:5 |     367 |       0 |   0.0 |      21 |       0 |   0.0
        D:6 |     297 |       0 |   0.0 |       7 |       0 |   0.0
            +---------+---------+-------+---------+---------+-------

Skill      XL: |  1  2  3  4  5  6  7 |
---------------+----------------------+-----
Fighting       | 2 4 5 |  5.0
Shapeshifting  | 5 6 |  6.6
Dodging        | |  2.0
Unarmed Combat | |  3.0

Action                     |  1- 3 |  4- 6 |  7- 9 || total
---------------------------+-------+-------+-------++-------
  Melee: Unarmed           |    62 |    66 |       ||   128
         Constrict         |    19 |    29 |     4 ||    52
         Tentacles         |    18 |    25 |     4 ||    47
         Punch             |     1 |     3 |     1 ||     5
         Dagger            |       |    31 |    20 ||    51
    Use: Potion            |       |       |     1 ||     1
   Stab: Sleeping          |     5 |     6 |     1 ||    12
 Armour: Skin              |    12 |    43 |    24 ||    79
  Dodge: Dodged            |    33 |    61 |    24 ||   118
   Form: Beast             |     1 |       |       ||     1

Illustrated notes

Table legend:
 A = Kills in this place as a percentage of kills in the entire game.
 B = Kills by you in this place as a percentage of kills by you in the entire game.
 C = Kills by friends in this place as a percentage of kills by friends in the entire game.
 D = Other kills in this place as a percentage of other kills in the entire game.
 E = Experience gained in this place as a percentage of experience gained in the entire game.
 F = Experience gained in this place divided by the number of levels of this place that you have seen.
                   A       B       C       D       E      F
               +-------+-------+-------+-------+-------+----------------------
         Total | 100.0 | 100.0 |   N/A |   N/A | 100.0 | 141.7
       Dungeon | 100.0 | 100.0 |   N/A |   N/A | 100.0 | 165.3
               +-------+-------+-------+-------+-------+----------------------

Table legend: (Time is in decaauts)
 A = Elapsed time spent in this place.
 B = Non-inter-level travel time spent in this place.
 C = Inter-level travel time spent in this place.
 D = Time resting spent in this place.
 E = Time spent auto-exploring this place.
 F = Levels seen in this place.
 G = Mean time per level.
                   A        B        C        D        E       F      G
               +--------+--------+--------+--------+--------+-----+--------+
         Total |   3771 |   3673 |     98 |    261 |   2815 |   7 |  538.7 |
       Dungeon |   3730 |   3632 |     98 |    261 |   2815 |   6 |  621.7 |
        Temple |     40 |     40 |      0 |      0 |      0 |   1 |   40.0 |
               +--------+--------+--------+--------+--------+-----+--------+

Top non-repeatable levels by time:
     D:5: 850 daAuts
     D:3: 742 daAuts
     D:1: 731 daAuts
     D:2: 696 daAuts
     D:4: 474 daAuts
     D:6: 236 daAuts
  Temple: 40 daAuts
